 Dungeon Crawl Stone Soup version 0.18.1-48-g4cf74bf (webtiles) character file.

92 MistressOfTheDunes the Insei (level 4, -2/35 HPs)
             Began as a Mummy Monk on July 16, 2016.
             Slain by a gnoll
             ... wielding a +0 spear
              (6 damage)
             ... on level 3 of the Dungeon.
             The game lasted 00:04:13 (3422 turns).

MistressOfTheDunes the Insei (Mummy Monk)           Turns: 3422, Time: 00:04:14

Health: -2/35      AC:  0    Str: 14    XL:     4   Next: 35%
Magic:  4/4        EV: 13    Int:  9    God:
Gold:   61         SH:  0    Dex: 15    Spells: 0 memorised, 3 levels left

rFire  x . .     SeeInvis .       - Unarmed
rCold  + . .     Gourm    .     (no armour)
rNeg   + + +     Faith    .     (no shield)
rPois  ∞         Spirit   .     (no helmet)
rElec  .         Dismiss  .     (no cloak)
rCorr  .         Reflect  .     (no gloves)
SustAt .         Harm     .     (no boots)
MR     .....                    (no amulet)
Stlth  ++........               (no ring)
                                (no ring)

@: not resistant to hostile enchantments, unstealthy
A: no food or potions, fire vulnerability, cold resistance 1, negative energy
resistance 3, torment resistance, unbreathing
a: no special abilities


You were on level 3 of the Dungeon.
You were not hungry.

You visited 1 branch of the dungeon, and saw 3 of its levels.

You collected 61 gold pieces.


Innate Abilities, Weirdness & Mutations

You do not eat or drink.
Your flesh is vulnerable to fire.
You are immune to poison.
Your flesh is cold resistant.
You are immune to negative energy.
You are immune to unholy pain and torment.
You can survive without breathing.


   Skills:
 - Level 3.0 Fighting
 - Level 2.4 Dodging
 - Level 1.5 Stealth
 + Level 4.8 Unarmed Combat


You had 3 spell levels left.
You didn't know any spells.

Inventory:

Scrolls
 a - 2 scrolls of teleportation {unknown}
 b - 2 scrolls of random uselessness {unknown}
 c - a scroll of fog {unknown}
 d - a scroll of remove curse {unknown}
 e - a scroll of enchant weapon {unknown}

Dungeon Overview and Level Annotations

Branches:
Dungeon (3/15)

Altars:
Ru

Annotations:
D:2 Natasha

.......▒▒
......w▒
....... .....
.... ▒.. ▒w▒▒▒
▒M..▒ ▒...▒
▒g..▒ ▒...▒
▒...▒ ▒▒w▒▒ .▒
▒.▒ .▒
▒g▒▒▒▒.▒▒▒▒..
▒.▒▒.....▒....


You could see 2 worms, 2 gnolls and a dart slug.


Message History

You closely miss the adder! The adder misses you!
You pummel the adder but do no damage! You punch the adder!
The adder is severely wounded!
The adder bites you! * * * don't die
* * * The gnoll barely misses you!
The adder misses you!
You closely miss the adder!
The adder is severely wounded!
The gnoll completely misses you! The adder barely misses you!
You pulverise the adder!!!
You annihilate the adder!!!
The gnoll hits you from afar with a spear! * * * don't die
* * * You swing at nothing!
The gnoll misses you!
You swing at nothing!
The gnoll hits you from afar with a spear! * * * don't die
* * * You swing at nothing!
The gnoll hits you from afar with a spear! * * * don't die
* * * A dart slug comes into view!
The dart slug moves out of view!
A worm comes into view!
You pulverise the dart slug but do no damage!
The dart slug bites you! * * * don't die
* * * You squash the dart slug like an ant!
The dart slug is severely wounded!
The gnoll hits you from afar with a spear! rip

Action                   |  1- 3 |  4- 6 || total
-------------------------+-------+-------++-------
Melee: Unarmed           |   156 |    24 ||   180
       Punch             |     1 |     1 ||     2
 Stab: Sleeping          |     3 |       ||     3
       Distracted        |     1 |       ||     1
Dodge: Dodged            |   102 |    31 ||   133

Vault maps used:
D:1:      saegor_arrival_fortress, minmay_misc_feat_encased
D:2:      nicolae_overflow_hidden_temple, ecumenical_altar_2, uniq_natasha,
          uniq_crazy_yiuf_cottage
D:3:      first_bread

Notes
Turn   | Place    | Note
--------------------------------------------------------------
     0 | D:1      | MistressOfTheDunes the Mummy Monk began the quest for the Orb.
     0 | D:1      | Reached XP level 1. HP: 18/18 MP: 1/1
   352 | D:1      | Reached XP level 2. HP: 12/24 MP: 2/2
  1002 | D:1      | Reached skill level 4 in Unarmed Combat
  1375 | D:1      | Reached XP level 3. HP: 22/29 MP: 3/3
  2081 | D:2      | Found a faded altar to an unknown god.
  2889 | D:2      | Reached XP level 4. HP: 14/35 MP: 4/4
  3258 | D:2      | Noticed Natasha
  3374 | D:2      | Found a sacrificial altar of Ru.
  3422 | D:3      | Slain by a gnoll

Vanquished Creatures
  3 adders
  An ooze (D:1)
  An adder zombie (D:1)
  A worm (D:2)
  A giant gecko (D:2)
  5 bats
  2 giant cockroaches
  8 goblins
  6 hobgoblins
  3 jackals (D:2)
  8 kobolds
  A quokka (D:2)
  A ball python (D:2)
  2 giant newts (D:2)
  A quokka zombie (D:1)
  8 rats
52 creatures vanquished.
